 Dungeon Crawl Stone Soup version 0.21.1-1-g345015f (webtiles) character file.

3933 vatarom the Spear-Bearer (level 10, -9/70 HPs)
             Began as a Formicid Fighter on May 8, 2018.
             Was a Believer of Yredelemnul.
             Mangled by a komodo dragon (22 damage)
             ... on level 8 of the Dungeon.
             The game lasted 00:14:41 (7010 turns).

vatarom the Spear-Bearer (Formicid Fighter)         Turns: 7010, Time: 00:14:42

Health: -9/70      AC:  8    Str: 21    XL:     10   Next: 44%
Magic:  15/15      EV:  9    Int:  9    God:    Yredelemnul [**....]
Gold:   307        SH: 11    Dex: 15    Spells: 9/9 levels left

rFire    . . .     SeeInvis +   a - +2 halberd (venom)
rCold    . . .     Gourm    .   c - +0 shield
rNeg     . . .     Faith    .   b - +0 scale mail
rPois    .         Spirit   .   (helmet unavailable)
rElec    .         Reflect  .   (no cloak)
rCorr    .         Harm     .   u - +0 pair of gloves
MR       +....                  (no boots)
Stlth    ..........             (no amulet)
HPRegen  0.21/turn              w - +2 ring of slaying
MPRegen  0.14/turn              z - +3 ring of dexterity

@: heavily drained
A: permanent stasis, dig shafts and tunnels, four strong arms, antennae 3
a: Dig, Shaft Self, Animate Remains, Recall Undead Slaves, Injury Mirror,
Renounce Religion


You were on level 8 of the Dungeon.
You worshipped Yredelemnul.
Yredelemnul was pleased with you.
You were full.

You visited 2 branches of the dungeon, and saw 9 of its levels.

You collected 307 gold pieces.

Inventory:

Hand Weapons
 a - a +2 halberd of venom (weapon)
Armour
 b - a +0 scale mail (worn)
 c - a +0 shield (worn)
 u - a +0 pair of gloves (worn)
 A - a +0 plate armour
Jewellery
 n - an uncursed ring of flight
 s - an uncursed ring of protection from cold
 w - a +2 ring of slaying (left hand)
 z - a +3 ring of dexterity (right hand)
Wands
 t - a wand of scattershot (3)
Scrolls
 e - 3 scrolls of enchant armour
 g - a scroll of amnesia
 h - 3 scrolls of teleportation
 m - 4 scrolls of remove curse
 r - 2 scrolls of blinking
 y - a scroll of enchant weapon {unknown}
 B - 3 scrolls of identify
 C - a scroll of immolation {unknown}
 E - a scroll of magic mapping
Potions
 d - 2 potions of might
 i - a potion of resistance {unknown}
 k - a potion of flight {unknown}
 p - 2 potions of heal wounds {unknown}
Books
 v - a book of Conjurations

   Spells                             Type                      Level
   a - Magic Dart                     Conjuration                  1
   b - Searing Ray                    Conjuration                  2
   c - Dazzling Spray                 Conjuration/Hexes            3
   d - Fulminant Prism                Conjuration/Hexes            4
   e - Force Lance                    Conjuration/Translocation    4
   f - Iskenderun's Mystic Blast      Conjuration                  4
 x - a book of Changes

   Spells                             Type                      Level
   a - Beastly Appendage              Transmutation                1
   b - Sticks to Snakes               Transmutation                2
   c - Spider Form                    Transmutation/Poison         3
   d - Ice Form                       Ice/Transmutation            4
   e - Blade Hands                    Transmutation                5
 D - a book of Enchantments

   Spells                             Type                      Level
   a - Cause Fear                     Hexes                        4
   b - Yara's Violent Unravelling     Hexes/Transmutation          5
   c - Silence                        Hexes/Air                    5
   d - Deflect Missiles               Charms/Air                   6
   e - Discord                        Hexes                        8
Comestibles
 f - 7 rations


   Skills:
 - Level 3.4(2.1) Fighting
 + Level 9.3(7.7) Polearms
 + Level 7.3(5.7) Armour
 - Level 9.0(7.4) Shields
 + Level 7.8(6.2) Invocations


You had 9 spell levels left.
You didn't know any spells.

Dungeon Overview and Level Annotations

Branches:
Dungeon (8/15)             Temple (1/1) D:4            Lair (0/6) D:8

Altars:
Ashenzari
Cheibriados
Dithmenos
Elyvilon
Fedhas
Gozag
Hepliaklqana
Kikubaaqudgha
Makhleb
Nemelex Xobeh
Okawaru
Qazlal
Ru
Sif Muna
Uskayaw
Vehumet
Wu Jian
Xom
Yredelemnul
Zin
The Shining One

Shops:
D:8 :


Innate Abilities, Weirdness & Mutations

You cannot be hasted, slowed, berserked, paralysed or teleported.
You can dig through walls and to a lower floor.
Your four strong arms can wield two-handed weapons with a shield.
You have a pair of large antennae on your head. (SInv)


Message History

The komodo dragon is moderately wounded.
You block the komodo dragon's attack.
You puncture the komodo dragon!
The komodo dragon looks as sick as possible!
The komodo dragon is heavily wounded.
You block the komodo dragon's attack.
You hit the komodo dragon.
The komodo dragon looks as sick as possible!
The komodo dragon is heavily wounded.
The komodo dragon bites you.
You hit the komodo dragon.
The komodo dragon looks as sick as possible!
The komodo dragon is almost dead.
The komodo dragon bites you!
* * * LOW HITPOINT WARNING * * *
You barely miss the komodo dragon.
The komodo dragon is almost dead.
The komodo dragon bites you!!
You die...
Your body rises from the dead as a mindless zombie.

##.......###$$$#_.'.....≈≈≈≈≈≈≈≈≈
####.#.#..##$$##..#.......≈≈≈.≈≈≈
# ##...#..#####...#..............
###.......#########...........###
............## ##.........#.#
.....[.......## #............#
...........(.<# ##.......########
.........#..#.###................
#..##......#...l@.#...##.#...#...
...#####.....###.<....##.........
..............#...#[######...#...
.................##.# #........
>.####...........#..#############
..###..#...........#..zz.......#
#..#...........[.....z..........#
#...<.........#.#......>.........
#.#.............#...........[[...


You could see a komodo dragon.

Vanquished Creatures
  A two-headed ogre (D:8)
  A hornet (D:8)
  The ghost of emiel the Chiller, an amateur MfIE (D:4)
  A hippogriff (D:7)
  A yak (D:8)
  2 sky beasts
  6 ogres
  An orc warrior (D:5)
  A phantom (D:6)
  A necrophage (D:8)
  A wolf (D:8)
  3 centaurs
  5 bullfrogs
  2 scorpions
  5 wights
  An electric eel (D:8)
  3 crimson imps
  A quasit (D:8)
  A bullfrog zombie (D:8)
  2 hounds
  An orc priest (D:6)
  2 iguanas
  3 orc wizards
  10 worker ants
  A howler monkey zombie (D:5)
  9 adders
  A shadow imp (D:6)
  A white imp (D:8)
  2 worms (D:3)
  A dart slug (D:1)
  An adder simulacrum (D:8)
  4 leopard geckos
  20 orcs
  8 bats
  5 giant cockroaches
  7 goblins
  6 hobgoblins
  3 jackals (D:6)
  5 quokkas
  4 ball pythons
  5 frilled lizards
  4 kobolds
  2 leopard gecko skeletons
  A quokka skeleton (D:4)
  6 rats
152 creatures vanquished.

Vanquished Creatures (collateral kills)
  2 scorpions (D:6)
  An orc (D:6)
3 creatures vanquished.

Vanquished Creatures (others)
  A howler monkey (D:5)
  A bullfrog zombie (D:8)
  A bullfrog skeleton (D:8)
  An ogre zombie (D:8)
  2 worker ant zombies
  A scorpion zombie (D:8)
  2 plants (D:8)
9 creatures vanquished.

Grand Total: 164 creatures vanquished

Notes
Turn   | Place    | Note
-------+----------+-------------------------------------------
     0 | D:1      | vatarom the Formicid Fighter began the quest for the Orb.
     0 | D:1      | Reached XP level 1. HP: 18/18 MP: 1/1
    48 | D:1      | Reached XP level 2. HP: 24/24 MP: 2/2
   629 | D:2      | Reached XP level 3. HP: 29/29 MP: 3/3
  1065 | D:2      | Reached XP level 4. HP: 34/35 MP: 4/4
  1402 | D:3      | Reached skill level 5 in Shields
  1656 | D:3      | Reached XP level 5. HP: 41/41 MP: 5/5
  2150 | D:4      | Noticed emiel's ghost (amateur MfIE)
  2226 | D:4      | Killed emiel's ghost
  2226 | D:4      | Reached XP level 6. HP: 28/47 MP: 6/6
  2478 | D:4      | Reached XP level 7. HP: 34/52 MP: 7/7
  2647 | D:4      | Reached skill level 5 in Polearms
  2666 | D:4      | Found a staircase to the Ecumenical Temple.
  2794 | Temple   | Entered the Ecumenical Temple
  2841 | Temple   | Became a worshipper of Yredelemnul the Dark
  3356 | D:4      | Found a sacrificial altar of Ru.
  3615 | D:5      | Entered Level 5 of the Dungeon
  3618 | D:5      | Found an opulent altar of Gozag.
  3964 | D:5      | Reached skill level 1 in Invocations
  3964 | D:5      | Reached XP level 8. HP: 41/58 MP: 8/8
  4057 | D:5      | Found a stormy altar of Qazlal.
  4446 | D:6      | Found a hazy altar of Hepliaklqana.
  4481 | D:6      | Reached * piety under Yredelemnul
  4714 | D:6      | Reached XP level 9. HP: 64/64 MP: 11/11
  5100 | D:7      | Noticed a hippogriff
  5112 | D:7      | Killed a hippogriff
  5225 | D:7      | Reached skill level 5 in Invocations
  5415 | D:8      | Reached skill level 5 in Armour
  5421 | D:8      | Reached ** piety under Yredelemnul
  5547 | D:8      | Noticed a hornet
  5571 | D:8      | Killed a hornet
  5794 | D:8      | Found a white marble altar of Elyvilon.
  5826 | D:8      | Reached XP level 10. HP: 45/70 MP: 14/14
  5942 | D:8      | Noticed a two-headed ogre
  5966 | D:8      | Killed a two-headed ogre
  5968 | D:8      | HP: 1/70 [wolf (3)]
  6268 | D:8      | Found a sparkling altar of Nemelex Xobeh.
  6301 | D:8      | Found a staircase to the Lair.
  6302 | D:8      | Noticed a komodo dragon
  6320 | D:8      | Found Uduqup's Book Emporium.
  6514 | D:8      | Found a glowing silver altar of Zin.
  7010 | D:8      | Mangled by a komodo dragon

Skill      XL: |  1  2  3  4  5  6  7  8  9 10 |
---------------+-------------------------------+-----
Shields        | 4 5 6 7 9 |  9.0
Polearms       | 3 4 6 7 8 9 |  9.3
Invocations    | 1 3 6 7 |  7.8
Armour         | 6 7 |  7.3
Fighting       | |  3.4

Action                   |  1- 3 |  4- 6 |  7- 9 | 10-12 || total
-------------------------+-------+-------+-------+-------++-------
Melee: Trident           |   129 |   119 |   394 |    53 ||   695
       Halberd           |       |       |       |    23 ||    23
Invok: Animate Remains   |       |       |    12 |     3 ||    15
       Injury Mirror     |       |       |       |     1 ||     1
 Abil: Dig               |       |       |     2 |     2 ||     4
Evoke: Wand              |       |     2 |       |       ||     2
  Use: Scroll            |       |       |     6 |     5 ||    11
       Potion            |       |       |     3 |     4 ||     7
  Eat: Chunk             |       |     3 |       |     2 ||     5
       Ration            |       |     2 |     3 |     2 ||     7
Armor: Scale mail        |    41 |    25 |    79 |    12 ||   157
       Skin              |       |       |     5 |       ||     5
Dodge: Dodged            |    30 |    26 |    92 |    24 ||   172
Block: Shield            |    67 |    54 |   168 |    45 ||   334
